 Dungeon Crawl Stone Soup version 0.27-a0-1196-g3e9cee4cb2 (webtiles) character file.

Game seed: 3641976378565130736

12590 lightspider the Fighter (level 11, -10/97 HPs)
             Began as a Pale Draconian Gladiator on May 28, 2021.
             Was a Priest of the Shining One.
             Mangled by a sun demon (17 damage)
             ... summoned by a kobold demonologist
             ... on level 10 of the Dungeon.
             The game lasted 01:06:39 (11191 turns).

lightspider the Fighter (Pale Draconian Gladiator) Turns: 11191, Time: 01:06:39

Health: -10/97     AC: 13    Str: 17    XL:     11   Next: 64%
Magic:  13/21      EV: 15    Int: 11    God:    the Shining One [***...]
Gold:   2533       SH:  0    Dex: 13    Spells: 11/24 levels left

rFire    . . .     SeeInvis .   a - +1 trident (flame)
rCold    . . .     Faith    .   (no shield)
rNeg     + . .     Spirit   .   (armour unavailable)
rPois    .         Reflect  .   b - +2 hat
rElec    .         Harm     .   N - +1 cloak {rCorr}
rCorr    +         Rampage  .   K - +1 pair of gloves
Will     .....                  (no boots)
Stlth    +.........             d - amulet of regeneration
HPRegen  1.26/turn              m - ring of wizardry
MPRegen  0.17/turn              r - ring of wizardry

@: slowed, glowing, very slow
A: breathe steam, AC +7, unfitting armour, cold-blooded, steam resistance
a: Breathe Steam, Renounce Religion, Divine Shield


You were on level 10 of the Dungeon.
You worshipped the Shining One.
The Shining One was most pleased with you.
You visited 1 branch of the dungeon, and saw 11 of its levels.
You also visited: Bailey.

You collected 2533 gold pieces.

Inventory:

Hand Weapons
 a - a +1 trident of flaming (weapon)
Missiles
 e - 430 stones (quivered)
 C - 13 poisoned darts
 E - 7 curare-tipped darts
Armour
 b - a +2 hat (worn)
 n - a +0 pair of gloves
 K - a +1 pair of gloves (worn)
 N - a +1 cloak of preservation (worn)
Jewellery
 d - an amulet of regeneration (around neck)
 l - an amulet of magic regeneration
 m - a ring of wizardry (left hand)
 p - a ring of ice
 r - a ring of wizardry (right hand)
 t - a ring of poison resistance
 v - an amulet of reflection
 z - a ring of wizardry
 A - a ring of see invisible
 B - a ring of protection from fire
 D - a ring of ice
Wands
 u - a wand of flame (42)
 x - a wand of iceblast (7)
Scrolls
 c - a scroll of brand weapon
 y - a scroll of amnesia
 G - a scroll of identify
 H - a scroll of fear
 I - a scroll of holy word
 M - 3 scrolls of teleportation
Potions
 f - 6 potions of brilliance
 g - 4 potions of lignification
 h - a potion of haste
 i - 2 potions of curing
 k - 5 potions of degeneration
 o - a potion of mutation
 q - a potion of ambrosia {unknown}
 s - a potion of flight {unknown}
 w - 2 potions of might {unknown}
 F - a potion of cancellation {unknown}
 J - a potion of invisibility {unknown}


   Skills:
 + Level 9.0 Fighting
 + Level 8.3 Polearms
 - Level 2.0 Throwing
 + Level 7.6 Dodging
 + Level 7.1 Spellcasting
 + Level 7.1 Conjurations
 - Level 1.0 Hexes
 - Level 1.8 Transmutations
 + Level 7.7 Fire Magic


You had 11 spell levels left.
You knew the following spells:

 Your Spells              Type           Power      Damage    Failure   Level
a - Corona                Hex            6%         N/A       3%          1
b - Passwall              Tmut/Erth      4%         N/A       5%          2
c - Foxfire               Conj/Fire      80%        2x1d8     1%          1
d - Fireball              Conj/Fire      10%        3d6       6%          5
e - Sticky Flame          Conj/Fire      20%        2d4       2%          4

Your spell library contained the following spells:

 Spells                   Type           Power      Damage    Failure   Level
 Conjure Flame            Conj/Fire      20%        6-21      1%          3
 Inner Flame              Hex/Fire       13%        N/A       2%          3
 Stone Arrow              Conj/Erth      22%        3d8       3%          3
 Animate Skeleton         Necr           6%         N/A       4%          1
 Apportation              Tloc           6%         N/A       4%          1
 Sandblast                Erth           6%         2d5       4%          1
 Summon Small Mammal      Summ           12%        N/A       4%          1
 Petrify                  Tmut/Erth      5%         N/A       28%         4
 Lee's Rapid Deconstruct  Erth           1%         3d5*      71%         5


Dungeon Overview and Level Annotations

Branches:
Dungeon (11/15)            Temple (0/1) D:6            Lair (0/6) D:11
    Orc (0/2) D:10         Bailey (visited)

Altars:
Gozag
Okawaru
Qazlal
The Shining One
Beogh

Shops:
D:2 ([=   D:5 (

Annotations:
D:7 3 runed translucent doors, zarzak's ghost, novice DgFi


Innate Abilities, Weirdness & Mutations

You can breathe blasts of scalding, opaque steam.
Your pale cyan-grey scales are hard. (AC +7)
You cannot fit into any form of body armour.
You are cold-blooded and may be slowed by cold attacks.
You are immune to the effects of steam.


Message History

The ice devil misses you.
You hit the kobold demonologist but do no damage.
The kobold demonologist is severely wounded.
The kobold demonologist hits you but does no damage.
The ice devil hits you. The ice devil freezes you!
You feel yourself slow down.
You hit the kobold demonologist but do no damage.
The kobold demonologist is severely wounded.
The kobold completely misses you.
The kobold demonologist hits you but does no damage.
The ice devil hits you but does no damage.
The kobold demonologist begins to cast a cantrip, but forgets the words!
You hit the kobold demonologist. You burn the kobold demonologist.
The kobold demonologist is severely wounded.
You feel yourself speed up. The ice devil closely misses you.
The sun demon hits you!!
You are engulfed in flames!!
You hit the kobold demonologist. You burn the kobold demonologist.
The kobold demonologist is almost dead.
A kobold comes into view. It is wielding a +0 short sword.
The ice devil hits you. The ice devil freezes you!
You feel yourself slow down. The sun demon hits you.
You are engulfed in flames!
* * * LOW HITPOINT WARNING * * *
The kobold demonologist hits you but does no damage.
You feel much better.
The sun demon hits you but does no damage.
The ice devil closely misses you. The kobold hits you with a +0 club.
The kobold misses you.
The kobold demonologist hits you but does no damage.
The sun demon closely misses you. The ice devil hits you.
The ice devil freezes you!!
You feel as though you will be slow longer.
* * * LOW HITPOINT WARNING * * *
The kobold demonologist barely misses you.
The kobold hits you with a +0 dagger.
* * * LOW HITPOINT WARNING * * *
The sun demon misses you. The kobold completely misses you.
The sun demon hits you!
* * * LOW HITPOINT WARNING * * *
You are engulfed in flames!
You die...

#.# .#
#####.####.#
#..........##
#...........
#....K....#
#.........# .
###....K.K..###..
#
......K3K4.......
## #
###...K@..>(.....
. # #.#
#.........###.#
#.# #.#
#.........# #.#
#.# ##....#####
#.. #.# #..>.#
#.######## #.#
##...# #....<....
#.# ###.#
##........ #.#
#)# #.#...#.. #.#
###.########
#......


You could see a sun demon (summoned), an ice devil (summoned), a kobold
demonologist, a kobold brigand and 4 kobolds.

Vanquished Creatures
  Erica (D:8)
  5 two-headed ogres
  Pikel (D:7)
  An orc knight (D:9)
  2 cyclopes
  Prince Ribbit (D:7)
  A shadow (D:9)
  A wyvern (D:8)
  12 yaks
  2 steam dragons
  2 wargs (D:10)
  A water moccasin (D:6)
  2 ice beasts
  2 black bears
  7 orc warriors
  4 ogres
  2 centaurs
  A phantom (D:6)
  A lemure (D:7)
  6 bullfrogs
  A water moccasin zombie (D:5)
  A scorpion (D:5)
  A water moccasin skeleton (D:5)
  6 killer bees (D:8)
  9 wights (D:7)
  A bullfrog zombie (D:5)
  7 centaur zombies
  2 bullfrog skeletons
  An orc priest (D:9)
  3 hounds (D:5)
  2 centaur skeletons (D:5)
  2 jellies
  A gnoll shaman (D:9)
  7 iguanas
  6 orc wizards
  2 hound skeletons (D:5)
  A howler monkey zombie (D:9)
  5 gnolls
  A howler monkey skeleton (D:6)
  9 adders
  3 white imps
  2 ufetubi
  An adder zombie (D:5)
  A worm (D:4)
  A dart slug (D:1)
  29 orcs
  13 bats
  9 endoplasms
  7 giant cockroaches
  10 goblins
  10 hobgoblins
  5 jackals
  A quokka (D:5)
  6 ball pythons (D:3)
  4 frilled lizards
  24 kobolds
  7 rats (D:1)
256 creatures vanquished.

Vanquished Creatures (others)
  39 foxfires
  12 fungi
  18 plants
69 creatures vanquished.

Grand Total: 325 creatures vanquished

Notes
Turn   | Place    | Note
-------+----------+-------------------------------------------
     0 | D:1      | lightspider the Draconian Gladiator began the quest for the
                  | Orb.
     0 | D:1      | Reached XP level 1. HP: 17/17 MP: 1/1
    85 | D:1      | Found a faded altar of an unknown god.
   192 | D:1      | Reached XP level 2. HP: 25/25 MP: 2/2
   746 | D:1      | Reached XP level 3. HP: 26/30 MP: 3/3
   843 | D:1      | Learned a level 1 spell: Corona
  1175 | D:2      | Found Kuahio Ehok's Jewellery Shoppe.
  1225 | D:2      | Found Mekkuuge's Armour Emporium.
  1274 | D:2      | Found Fayl's Magic Scroll Emporium.
  1313 | D:2      | Found Esmy's Antique Weapon Emporium.
  1629 | D:3      | Reached skill level 3 in Fighting
  1727 | D:3      | Reached XP level 4. HP: 37/38 MP: 5/5
  1818 | D:3      | Learned a level 2 spell: Passwall
  2157 | D:4      | Reached skill level 1 in Spellcasting
  2178 | D:4      | Noticed a black bear
  2358 | D:4      | Reached skill level 1 in Hexes
  2358 | D:4      | Reached XP level 5. HP: 27/45 MP: 6/6
  2737 | D:4      | Killed a black bear
  2905 | D:4      | Reached XP level 6. HP: 50/52 MP: 9/9
  3170 | D:4      | Found a glowing golden altar of the Shining One.
  3178 | D:4      | Became a worshipper of the Shining One
  3417 | D:5      | Entered Level 5 of the Dungeon
  3432 | D:5      | Noticed an ice beast
  3444 | D:5      | Killed an ice beast
  3445 | D:5      | Reached skill level 1 in Transmutations
  3652 | D:5      | Reached skill level 4 in Fighting
  3709 | D:5      | Your scales start taking on a pale cyan-grey colour.
  3709 | D:5      | Reached XP level 7. HP: 38/59 MP: 11/11
  3709 | D:5      | Gained mutation: You are immune to the effects of steam.
                  | [Pale Draconian growth]
  3746 | D:4      | Learned a level 1 spell: Foxfire
  3880 | D:5      | Reached skill level 1 in Fire Magic
  4190 | D:6      | Reached skill level 1 in Conjurations
  4733 | D:5      | Found an opulent altar of Gozag.
  4736 | D:5      | Found an iron altar of Okawaru.
  4739 | D:5      | Found a stormy altar of Qazlal.
  4859 | D:5      | Reached skill level 5 in Polearms
  5084 | D:5      | Reached XP level 8. HP: 67/67 MP: 13/13
  5140 | D:5      | Reached * piety under the Shining One
  5329 | D:5      | Reached skill level 5 in Fighting
  5501 | D:5      | Found Azasuom's Weapon Emporium.
  5833 | D:5      | Identified a scroll of acquirement
  5833 | D:5      | Acquired 575 gold pieces
  5998 | D:6      | Found a staircase to the Ecumenical Temple.
  6055 | D:6      | Learned a level 5 spell: Fireball
  6881 | D:7      | Reached skill level 5 in Dodging
  7021 | D:7      | Noticed Prince Ribbit
  7035 | D:7      | Killed Prince Ribbit
  7100 | D:7      | Noticed Pikel
  7116 | D:7      | Killed Pikel
  7117 | D:7      | Reached skill level 6 in Fighting
  7117 | D:7      | Reached XP level 9. HP: 59/75 MP: 9/15
  7201 | D:7      | Reached skill level 5 in Spellcasting
  7219 | D:7      | Reached skill level 5 in Fire Magic
  7489 | D:7      | Found a runed translucent gate.
  7489 | D:7      | Found a runed translucent gate.
  7489 | D:7      | Found a runed translucent gate.
  7491 | D:7      | Reached ** piety under the Shining One
  7491 | D:7      | Noticed a kobold demonologist
  7493 | D:7      | Noticed zarzak's ghost (novice DgFi)
  7583 | D:7      | Reached skill level 5 in Conjurations
  7950 | D:8      | Reached XP level 10. HP: 69/83 MP: 18/18
  7973 | D:8      | Learned a level 4 spell: Sticky Flame
  8021 | D:8      | Reached skill level 7 in Fighting
  8062 | D:8      | Noticed Erica
  8076 | D:8      | Killed Erica
  8850 | D:8      | Noticed a two-headed ogre
  8860 | D:8      | Killed a two-headed ogre
  9018 | D:9      | Noticed a cyclops
  9153 | D:9      | Reached *** piety under the Shining One
  9353 | D:9      | Found a runed translucent door.
  9400 | D:9      | Noticed a two-headed ogre
  9415 | D:9      | Killed a two-headed ogre
  9416 | D:9      | Reached skill level 8 in Fighting
  9773 | D:9      | Killed a cyclops
  9774 | D:9      | Reached XP level 11. HP: 68/94 MP: 5/20
  9987 | D:9      | Noticed an orc knight
 10016 | D:9      | Killed an orc knight
 10219 | D:10     | Entered Level 10 of the Dungeon
 10261 | D:10     | You fall into a shaft and drop 1 floor!
 10334 | D:11     | Found a flagged portal.
 10382 | Bailey   | Entered a bailey
 10790 | D:11     | Noticed a two-headed ogre
 10802 | D:11     | Killed a two-headed ogre
 10927 | D:11     | Found a staircase to the Lair.
 11045 | D:10     | Noticed a two-headed ogre
 11046 | D:10     | Found a staircase to the Orcish Mines.
 11054 | D:10     | Killed a two-headed ogre
 11057 | D:10     | Noticed a two-headed ogre
 11070 | D:10     | Killed a two-headed ogre
 11071 | D:10     | Reached skill level 9 in Fighting
 11185 | D:10     | Noticed a sun demon
 11191 | D:10     | Mangled by a sun demon

Illustrated notes

Levels and vault maps discovered:
D:1:      dpeg_arrival_ratfight, layout_loops_ring,
          hellmonk_ecumenical_altar_arch_garden, minmay_worlds_worst_comb
D:2:      layout_rooms, serial_shops, nicolae_shop_crystal, shop,
          nicolae_shop_temple_entry_statues_fountains, shop_statue,
          minmay_distorted
D:3:      layout_rooms
D:4:      layout_basic, lemuel_coloured_pillars_altar,
          chequers_serial_rivers_micro_d, skrybe_limestone_x
D:5:      minmay_polygon_palace, layout_basic, grunt_temple_overflow_diamond,
          serial_shops, nicolae_shop_behind_doors, columned_hall_lemuel
D:6:      layout_basic, temple_pool_b, nrook_mini_backslash, feat_on_display
D:7:      layout_loops_ring, gammafunk_ghost_nasty_kobolds, roderic_lattice_a,
          uniq_prince_ribbit1, uniq_pikel
D:8:      layout_basic, grunt_ministairs_3, uniq_erica
D:9:      layout_basic, lightli_church_of_beogh
D:10:     layout_loops_ring, minmay_orc_entry_guard_dogs, serial_bayou_lagoon_b
D:11:     layout_loops_ring, grunt_lair_entry_orc_guard_hut, enter_bailey_4,
          onia_ninara_dug_in_and_dangerous

Skill      XL: |  1  2  3  4  5  6  7  8  9 10 11 |
---------------+----------------------------------+-----
Throwing       | 2 |  2.0
Dodging        | 3 4 5 6 7 |  7.6
Fighting       | 3 4 6 8 9 |  9.0
Spellcasting   | 1 2 3 4 5 6 7 |  7.1
Hexes          | 1 |  1.0
Polearms       | 4 5 6 7 8 |  8.3
Transmutations | 1 |  1.8
Fire Magic     | 2 4 5 6 7 |  7.7
Conjurations   | 1 4 5 6 7 |  7.1

Action                   |  1- 3 |  4- 6 |  7- 9 | 10-12 || total
-------------------------+-------+-------+-------+-------++-------
Melee: Trident           |   124 |   121 |   310 |   322 ||   877
       Tailslap          |     7 |     9 |    47 |    30 ||    93
Throw: Throwing net      |       |     3 |     1 |       ||     4
       Stone             |       |       |     1 |       ||     1
 Cast: Passwall          |       |     1 |       |       ||     1
       Corona            |       |     2 |     8 |     3 ||    13
       Foxfire           |       |       |    29 |       ||    29
       Fireball          |       |       |     1 |    26 ||    27
       Sticky Flame      |       |       |       |     8 ||     8
 Abil: Breathe Steam     |       |       |     1 |     5 ||     6
  Use: Scroll            |     5 |     1 |    11 |     4 ||    21
       Potion            |       |       |     1 |     1 ||     2
 Stab: Sleeping          |     6 |     1 |       |       ||     7
Armor: Skin              |    31 |    17 |    72 |    96 ||   216
Dodge: Dodged            |    66 |    59 |   164 |   233 ||   522

Table legend: (Time is in decaauts)
 A = Elapsed time spent in this place.
 B = Non-inter-level travel time spent in this place.
 C = Inter-level travel time spent in this place.
 D = Time resting spent in this place.
 E = Time spent auto-exploring this place.
 F = Levels seen in this place.
 G = Mean time per level.
                   A        B        C        D        E       F      G
               +--------+--------+--------+--------+--------+-----+--------+
         Total |  11233 |  11091 |    142 |   2237 |   5726 |  12 |  936.1 |
       Dungeon |  11066 |  10924 |    142 |   2237 |   5709 |  11 | 1006.0 |
        Bailey |    167 |    167 |      0 |      0 |     17 |   1 |  167.0 |
               +--------+--------+--------+--------+--------+-----+--------+

Top non-repeatable levels by time:
     D:5: 1988 daAuts
     D:4: 1419 daAuts
     D:6: 1254 daAuts
     D:8: 1219 daAuts
     D:1: 1157 daAuts
     D:9: 1096 daAuts
     D:7: 1084 daAuts
     D:3: 580 daAuts
    D:11: 551 daAuts
     D:2: 471 daAuts
    D:10: 243 daAuts
  Bailey: 167 daAuts
